 Dungeon Crawl Stone Soup version 0.30-a0-639-g3916f1956a (webtiles) character file.

Game seed: 15219254469575768669

61705 bande the Cleaver (level 15, -3/93 HPs)
             Began as a Gargoyle Fighter on Jan 16, 2023.
             Was the Champion of Okawaru.
             Slain by a meliai
             ... wielding a +0 war axe
              (6 damage)
             ... on level 14 of the Dungeon on Jan 17, 2023.
             The game lasted 00:41:57 (25629 turns).

bande the Cleaver (Gargoyle Fighter)               Turns: 25629, Time: 00:41:58

Health: -3/93      AC: 42    Str: 26    XL:     15   Next: 3%
Magic:  20/22      EV:  9    Int:  9    God:    Okawaru [******]
Gold:   2141       SH: 25    Dex: 19    Spells: 14/14 levels left

rFire   + + .      SeeInvis +    a - +1 war axe (elec)
rCold   + . .      Faith    .    Z - +0 tower shield
rNeg    + . .      Spirit   .    C - +7 plate armour of Vawes {Rampage Str+7 SInv}
rPois   ∞          Reflect  +    M - +2 hat {Will+}
rElec   +          Harm     .    z - scarf {rC+ rF+}
rCorr   .          Rampage  +    t - +1 pair of gloves
Will    ++...      Clarity  +    B - +0 pair of boots Stlth
                                 u - amulet of reflection
HPRegen 0.35/turn                w - +4 ring of slaying
MPRegen 0.18/turn                (no ring)

@: heroic, flying
A: sickness immunity, AC +11, big wings, negative energy resistance 1,
electricity resistance, torment resistance 1, petrification resistance, agile 1,
clarity, fire resistance 1
a: Renounce Religion, Heroism, Finesse, Duel


You were on level 14 of the Dungeon.
You worshipped Okawaru.
Okawaru was exalted by your worship.
You visited 3 branches of the dungeon, and saw 20 of its levels.
You also visited: Sewer and Bailey.

You collected 2420 gold pieces.
You spent 279 gold pieces at shops.

Inventory:

Hand Weapons
 a - a +1 war axe of electrocution (weapon)
 v - a +2 flail of holy wrath
 K - a +0 scimitar of flaming
 X - a +0 war axe
Missiles
 E - 4 throwing nets (quivered)
Armour
 t - a +1 pair of gloves (worn)
 x - a +1 cloak of stealth
 y - a +0 crystal plate armour
 z - a scarf of resistance (worn)
 B - a +0 pair of boots (worn)
 C - the +7 plate armour of Vawes (worn) {Rampage Str+7 SInv}
   (You found it in a bailey)

   Str:       It affects your strength (+7).
   SInv:      It lets you see invisible.
   Rampage:   It bestows one free step when moving towards enemies.
 H - a +2 cloak of willpower
 M - a +2 hat of willpower (worn)
 Z - a +0 tower shield (worn)
Jewellery
 m - an amulet of faith
 u - an amulet of reflection (around neck)
 w - a +4 ring of slaying (left hand)
 S - a ring of fire
 T - a ring of see invisible
 V - a ring of protection from fire
Wands
 n - a wand of acid (11)
 p - a wand of paralysis (9)
 r - a wand of polymorph (10)
 s - a wand of digging (6)
 D - a wand of flame (40)
 L - a wand of mindburst (18)
 O - a wand of roots (11)
Scrolls
 b - 4 scrolls of fog
 e - 5 scrolls of poison
 f - 3 scrolls of teleportation
 g - 6 scrolls of brand weapon
 A - 4 scrolls of amnesia
 F - 8 scrolls of identify
 I - 3 scrolls of enchant armour
 J - 3 scrolls of blinking
 P - 3 scrolls of enchant weapon
 U - a scroll of fear
 W - a scroll of magic mapping
Potions
 d - 5 potions of brilliance
 h - a potion of ambrosia
 i - a potion of cancellation
 j - 7 potions of curing
 k - 4 potions of flight
 l - 2 potions of mutation
 q - 3 potions of haste
 G - a potion of might
 R - 2 potions of berserk rage
Miscellaneous
 o - a phial of floods
 N - a box of beasts
 Q - a piece from Xom's chessboard (15/15)


   Skills:
 + Level 10.7(15.7) Fighting
 + Level 1.8(6.8) Long Blades
 + Level 14.1(19.1) Axes
 + Level 11.5(16.5) Armour
 + Level 10.8(15.8) Shields
 + Level 0.1(5.1) Unarmed Combat
 * Level 9.7 Invocations
 * Level 9.7 Evocations


You had 14 spell levels left.
You didn't know any spells.
Your spell library contained the following spells:

 Spells                   Type           Power      Damage    Failure   Level
 Foxfire                  Conj/Fire      0%         2x1d4     100%        1
 Necrotise                Necr           0%         1d4       100%        1
 Sting                    Tmut/Pois      0%         1d3       100%        1
 Blink                    Tloc           0%         N/A       100%        2
 Lesser Beckoning         Tloc           0%         N/A       100%        2
 Momentum Strike          Conj/Tloc      0%         3d8       100%        2
 Poisonous Vapours        Pois/Air       0%         N/A       100%        2
 Scorch                   Fire           0%         2d5       100%        2
 Wereblood                Tmut           0%         N/A       100%        2
 Dazzling Flash           Conj/Hex       0%         N/A       100%        3
 Ignite Poison            Fire/Tmut/Pois 0%         N/A       100%        3
 Mephitic Cloud           Conj/Pois/Air  0%         N/A       100%        3
 Portal Projectile        Hex/Tloc       0%         N/A       100%        3
 Flame Wave               Conj/Fire      0%         2d4       100%        4
 Iskenderun's Mystic Bla  Conj/Tloc      0%         2d3       100%        4
 Manifold Assault         Tloc           0%         N/A       100%        4
 Olgreb's Toxic Radiance  Pois           0%         N/A       100%        4
 Petrify                  Tmut/Erth      0%         N/A       100%        4
 Agony                    Necr           0%         N/A       100%        5
 Blade Hands              Tmut           0%         N/A       100%        5
 Fireball                 Conj/Fire      0%         3d3       100%        5
 Irradiate                Conj/Tmut      0%         3d11      100%        5
 Iskenderun's Battlesphe  Conj           0%         2d6       100%        5
 Silence                  Hex/Air        0%         N/A       100%        5
 Conjure Ball Lightning   Conj/Air       0%         3x3d6     100%        6
 Starburst                Conj/Fire      0%         6d3       100%        6
 Orb of Destruction       Conj           0%         9d5       100%        7
 Storm Form               Tmut/Air       0%         N/A       100%        7
 Cigotuvi's Dreadful Rot  Necr/Pois/Air  Unusable   N/A       N/A         2
 Sublimation of Blood     Necr           Unusable   N/A       N/A         2
 Summon Guardian Golem    Hex/Summ       Unusable   N/A       N/A         3
 Tukima's Dance           Hex            Unusable   N/A       N/A         3
 Summon Forest            Summ/Tloc      Unusable   N/A       N/A         5
 Summon Cactus Giant      Summ           Unusable   N/A       N/A         6
 Malign Gateway           Summ/Tloc      Unusable   N/A       N/A         7

Dungeon Overview and Level Annotations

Branches:
Dungeon (14/15)            Temple (1/1) D:7            Lair (5/5) D:8
 Shoals (0/4) Lair:3       Spider (0/4) Lair:3        Slime (0/5) Lair:5
    Orc (0/2) D:12         Vaults (0/5) D:13          Sewer (visited)
 Bailey (visited)

Altars:
Ashenzari
Cheibriados
Dithmenos
Hepliaklqana
Makhleb
Nemelex Xobeh
Okawaru
Qazlal
Sif Muna
Trog
Uskayaw
Vehumet
Wu Jian
Xom
Zin
Jiyva

Shops:
D:10 [   D:11 (

Annotations:
D:13 3 runed translucent doors, SirDiesAlot's ghost, journeyman DsFE


Innate Abilities, Weirdness & Mutations

You are immune to sickness and miasma.
Your stone body is resilient. (AC +11)
You are immune to poison.
Your large and strong wings let you fly.
You resist negative energy. (rN+)
You are resistant to electric shocks. (rElec)
You are resistant to unholy torment.
You are immune to petrification.
You are agile. (Dex +4, Str/Int -1)
You possess an exceptional clarity of mind.
Your flesh is heat resistant. (rF+)


Message History

The meliai hits you but does no damage. You block the meliai's attack.
The meliai hits you but does no damage. You block the meliai's attack.
The meliai hits you with a +0 war axe!
* * * LOW HITPOINT WARNING * * *
The meliai barely misses you. You block the meliai's attack.
The meliai stings you but does no damage.
Unknown command.
You feel much better. You block the meliai's attack. The meliai stings you.
You block the meliai's attack.
The meliai stings you but does no damage.
The meliai hits you with a +0 war axe!
* * * LOW HITPOINT WARNING * * *
The meliai stings you but does no damage.
You gain the combat prowess of a mighty hero.
You block the meliai's attack. x3
The meliai stings you but does no damage.
The meliai hits you but does no damage. You block the meliai's attack.
You closely miss the meliai.
The meliai is moderately wounded.
You miss the meliai. The meliai barely misses you.
You block the meliai's attack. x3
Unknown command.
You slash the meliai!
The meliai is severely wounded.
You hit the meliai. Lightning courses through the meliai!
The meliai calls upon its god to heal the meliai.
The meliai is healed somewhat.
The meliai calls down the wrath of its god upon you.
Something smites you!
* * * LOW HITPOINT WARNING * * *
You block the meliai's attack. x2
The meliai mumbles some strange prayers to its god against you.
Something smites you!
* * * LOW HITPOINT WARNING * * *
You slice the meliai!!
You kill the meliai!
Okawaru accepts your kill.
You hit the meliai but do no damage. The meliai barely misses you.
You block the meliai's attack. The meliai hits you with a +0 war axe.
You die...

.......)......#....
..........<........
...................
.#.........[.......
#.........).......
#....#)...........
##..##)..#..)$?...
.......)..#........
........@)##.......
#.......y..#..##...
..............# ..#
................
#.......#.......
#....##.#.......
#... ?. ......> ##.
#. .......


You could see a meliai.

Vanquished Creatures
  Rupert (Lair:4)
  Agnes (D:13)
  Louise (D:14)
  An ironbound preserver (D:13)
  Azrael (D:12)
  A fire dragon (Lair:5)
  The ghost of Coguiqiqih the Fighter, a journeyman DrCA of Ignis (Lair:2)
  2 catoblepae (Lair:3)
  Harold (D:9)
  3 hydras
  2 boulder beetles
  5 two-headed ogres
  4 centaur warriors
  2 death yaks (Lair:2)
  A tengu warrior (D:13)
  Sonja (D:13)
  Amaemon (D:8)
  A fire crab (Lair:5)
  Lodul (D:14)
  A swamp dragon (Lair:5)
  2 orc knights (Bailey)
  Pikel (D:5)
  A wizard (D:14)
  2 ugly things
  2 cyclopes (D:13)
  4 manticores
  Joseph (D:8)
  A torpor snail (Lair:2)
  4 black mambas
  7 cane toads
  An orange demon (D:8)
  4 unseen horrors
  7 rime drakes
  2 yaktaurs
  8 komodo dragons
  A yaktaur (shapeshifter) (D:13)
  6 trolls
  2 hornets (D:7)
  2 meliai (D:14)
  A polar bear (Lair:4)
  7 dream sheep (Lair:5)
  12 blink frogs
  A jumping spider (Lair:3)
  2 culicivoras (Lair:3)
  2 shadows
  5 slime creatures
  A vampire (D:11)
  4 wraiths
  46 yaks
  4 fire elementals (D:11)
  9 wyverns
  8 basilisks
  A catoblepas simulacrum (Lair:2)
  A redback (Lair:3)
  Edmund (D:6)
  2 acid dragons
  4 hell hounds (D:11)
  10 water moccasins
  A hydra simulacrum (Lair:2)
  4 ice beasts
  3 orc warriors
  3 black bears
  2 sky beasts
  3 swamp drakes (Lair:5)
  3 centaurs
  14 wolves
  3 lemures (D:5)
  11 ogres
  A phantom (D:5)
  6 kobold brigands
  7 bullfrogs
  3 scorpions
  2 cane toad simulacra (Lair:2)
  5 wights (D:6)
  A lindwurm simulacrum (Lair:2)
  11 killer bees
  5 howler monkeys
  6 hounds
  4 jellies
  A water moccasin simulacrum (Lair:2)
  4 orc priests
  Natasha (thrice) (D:2)
  11 iguanas
  10 orc wizards
  A polar bear simulacrum (Lair:2)
  A yak simulacrum (Lair:2)
  9 adders
  9 gnolls
  A shadow imp (D:4)
  2 white imps (D:7)
  An ufetubus (D:7)
  4 worms
  52 orcs
  4 ball pythons
  8 bats
  3 endoplasms
  6 giant cockroaches
  12 goblins
  3 hobgoblins (D:2)
  4 jackals (D:5)
  2 quokkas
  A frilled lizard (D:2)
  21 kobolds
  12 rats
494 creatures vanquished.

Vanquished Creatures (others)
  A kobold (D:7)
  17 fungi
  41 plants
59 creatures vanquished.

Grand Total: 553 creatures vanquished

Notes
Turn   | Place    | Note
-------+----------+-------------------------------------------
     0 | D:1      | bande the Gargoyle Fighter began the quest for the Orb.
     0 | D:1      | Reached XP level 1. HP: 14/14 MP: 1/1
   227 | D:1      | Reached XP level 2. HP: 19/19 MP: 2/2
   585 | D:2      | Noticed Natasha
   593 | D:2      | Killed Natasha
   594 | D:2      | Reached skill level 2 in Axes
   594 | D:2      | Reached XP level 3. HP: 23/24 MP: 3/3
   889 | D:2      | Reached XP level 4. HP: 22/29 MP: 4/4
  1045 | D:2      | Noticed Natasha
  1055 | D:2      | Killed Natasha
  1158 | D:2      | Noticed Natasha
  1174 | D:2      | Killed Natasha
  1175 | D:2      | Reached skill level 3 in Axes
  1479 | D:2      | Reached XP level 5. HP: 33/33 MP: 5/5
  1704 | D:3      | Found a glowing drain.
  1714 | D:3      | Noticed a +0 falchion
  1715 | D:3      | Noticed a +0 short sword
  1715 | D:3      | Noticed a +0 short sword
  1715 | D:3      | Noticed a +0 dagger
  1716 | D:3      | Noticed a +0 spear
  1716 | D:3      | Noticed a +0 dagger
  1716 | D:3      | Noticed a +0 spear
  1717 | D:3      | Noticed a +0 falchion
  1730 | D:3      | Found a hide-covered altar of Uskayaw.
  1770 | Sewer    | Entered a sewer
  1916 | Sewer    | Noticed a kobold brigand
  1966 | Sewer    | Killed a kobold brigand
  1967 | Sewer    | Reached skill level 4 in Axes
  1967 | Sewer    | Reached XP level 6. HP: 33/38 MP: 6/6
  2354 | D:3      | Gained mutation: Your flesh is heat resistant. (rF+)
                  | [potion of mutation]
  2354 | D:3      | Gained mutation: You possess an exceptional clarity of
                  | mind. [potion of mutation]
  2354 | D:3      | Gained mutation: You are agile. (Dex +4, Str/Int -1)
                  | [potion of mutation]
  2438 | D:3      | You fall into a shaft and drop 2 floors!
  2438 | D:5      | Entered Level 5 of the Dungeon
  2440 | D:5      | Noticed a black bear
  2447 | D:5      | Killed a black bear
  2448 | D:5      | Reached skill level 5 in Armour
  2588 | D:5      | Reached XP level 7. HP: 41/44 MP: 7/7
  2798 | D:3      | Found a hazy altar of Hepliaklqana.
  3070 | D:4      | Reached skill level 5 in Axes
  3253 | D:4      | Found a shimmering blue altar of Sif Muna.
  3414 | D:4      | Found a stormy altar of Qazlal.
  3545 | D:5      | Reached skill level 1 in Evocations
  3563 | D:5      | Reached skill level 5 in Fighting
  3581 | D:5      | Reached XP level 8. HP: 49/49 MP: 8/8
  3708 | D:5      | Noticed Pikel
  3717 | D:5      | Reached skill level 6 in Axes
  3725 | D:5      | Killed Pikel
  4274 | D:6      | Reached skill level 5 in Shields
  4274 | D:6      | Reached XP level 9. HP: 8/55 MP: 9/9
  4473 | D:6      | Reached skill level 7 in Axes
  4560 | D:6      | Found a shadowy altar of Dithmenos.
  4631 | D:6      | Noticed Edmund
  4653 | D:6      | Killed Edmund
  5364 | D:6      | Reached skill level 8 in Axes
  5871 | D:6      | Found a snail-covered altar of Cheibriados.
  5884 | D:6      | Found a shimmering altar of Xom.
  5951 | D:6      | Reached XP level 10. HP: 55/61 MP: 10/10
  6445 | D:7      | Found a radiant altar of Vehumet.
  6455 | D:7      | Reached skill level 5 in Evocations
  6457 | D:7      | Reached skill level 9 in Axes
  6810 | D:7      | Found a staircase to the Ecumenical Temple.
  6817 | Temple   | Entered the Ecumenical Temple
  6862 | Temple   | Became a worshipper of Warmaster Okawaru
  6956 | D:8      | Found a staircase to the Lair.
  6976 | D:8      | Reached skill level 1 in Invocations
  6979 | D:8      | Reached * piety under Okawaru
  7108 | D:8      | Noticed a two-headed ogre
  7118 | D:8      | Killed a two-headed ogre
  7118 | D:8      | Reached ** piety under Okawaru
  7466 | D:8      | Noticed Joseph
  7469 | D:8      | Noticed Amaemon
  7478 | D:8      | Noticed an orange demon
  7483 | D:8      | Killed Joseph
  7484 | D:8      | Paralysed by Amaemon for 4 turns
  7496 | D:8      | Paralysed by Amaemon for 4 turns
  7504 | D:8      | Killed Amaemon
  7504 | D:8      | Reached *** piety under Okawaru
  7505 | D:8      | Reached XP level 11. HP: 40/67 MP: 11/13
  7727 | D:8      | Reached skill level 10 in Axes
  8442 | D:9      | Reached **** piety under Okawaru
  8508 | D:9      | Received a gift from Okawaru
  8527 | D:9      | Found a flagged portal.
  8534 | Bailey   | Entered a bailey
  8747 | Bailey   | Noticed an orc knight
  8854 | Bailey   | Noticed an orc knight
  8887 | Bailey   | Killed an orc knight
  9174 | Bailey   | Killed an orc knight
  9362 | Bailey   | Identified the +7 plate armour of Vawes {Rampage Str+7
                  | SInv}
  9588 | D:9      | Noticed Harold
  9600 | D:9      | Reached ***** piety under Okawaru
  9608 | D:9      | Killed Harold
  9725 | D:9      | Found an ornate altar of the Wu Jian Council.
  9836 | D:10     | Entered Level 10 of the Dungeon
  9898 | D:10     | Reached skill level 5 in Invocations
  9903 | D:10     | Found a glowing silver altar of Zin.
  9945 | D:10     | Identified the +1 battleaxe of Pusupn {drain, rElec rC-
                  | Will++ Dex+3} (Okawaru gifted it to you on level 10 of the
                  | Dungeon)
  9945 | D:10     | Received a gift from Okawaru
  9946 | D:10     | Reached XP level 12. HP: 70/73 MP: 15/15
 10305 | D:10     | Found Qiff's Armour Emporium.
 10313 | D:10     | Bought a +2 cloak of willpower for 279 gold pieces
 10345 | D:10     | Found a sparkling altar of Nemelex Xobeh.
 10345 | D:10     | Found a bloodstained altar of Trog.
 10345 | D:10     | Found a burning altar of Makhleb.
 10358 | D:10     | Reached skill level 11 in Axes
 10854 | D:11     | Found Ceitilekh's Weapon Boutique.
 11272 | D:11     | Noticed a two-headed ogre
 11285 | D:11     | Killed a two-headed ogre
 11548 | D:12     | Noticed Azrael
 12115 | D:12     | Killed Azrael
 12444 | D:12     | Found a staircase to the Orcish Mines.
 12541 | Lair:1   | Entered Level 1 of the Lair of Beasts
 12700 | Lair:1   | Got the Codex of Metamorphic Command
 13323 | Lair:2   | Received a gift from Okawaru
 13545 | Lair:2   | Found a runed translucent gate.
 13545 | Lair:2   | Found a runed translucent gate.
 13545 | Lair:2   | Found a runed translucent gate.
 13795 | Lair:2   | Noticed Coguiqiqih's ghost (journeyman DrCA)
 13894 | Lair:2   | Noticed a death yak
 13895 | Lair:2   | Noticed a death yak
 13908 | Lair:2   | Killed a death yak
 13909 | Lair:2   | Reached skill level 12 in Axes
 13910 | Lair:2   | Killed a death yak
 14053 | Lair:2   | Reached XP level 13. HP: 78/80 MP: 18/18
 15567 | Lair:3   | Reached skill level 10 in Armour
 15822 | Lair:2   | Killed Coguiqiqih's ghost
 16230 | Lair:2   | Identified a scroll of acquirement
 16230 | Lair:2   | Acquired 1019 gold pieces
 16617 | Lair:3   | Reached ****** piety under Okawaru
 16689 | Lair:3   | Found a hole to the Spider Nest.
 16725 | Lair:3   | Identified the +2 pair of boots of Instinct {-Tele Harm
                  | Regen+} (Okawaru gifted it to you on level 3 of the Lair of
                  | Beasts)
 16725 | Lair:3   | Received a gift from Okawaru
 17804 | Lair:3   | Found a staircase to the Shoals.
 18469 | Lair:4   | Noticed Rupert
 18484 | Lair:4   | Killed Rupert
 18485 | Lair:4   | Reached skill level 13 in Axes
 18940 | Lair:5   | Entered Level 5 of the Lair of Beasts
 19539 | Lair:5   | Gained mutation: Your large and strong wings let you fly.
                  | [Gargoyle growth]
 19539 | Lair:5   | Reached XP level 14. HP: 78/87 MP: 20/20
 19653 | Lair:5   | Reached skill level 10 in Shields
 20116 | Lair:5   | Reached skill level 10 in Fighting
 20121 | Lair:5   | Identified the +7 glaive of the Eleven Bones {flame, rElec
                  | rPois Will+ Int-4}
 20204 | Lair:5   | Found a staircase to the Slime Pits.
 20206 | Lair:5   | Found a viscous altar of Jiyva.
 21004 | D:12     | Identified the +7 quarterstaff of Overwhelming Force
                  | {flame, *Corrode rC+ Str+5 Stlth+}
 21019 | D:12     | Identified the +7 hand axe of Nebae {antimagic, Int+3
                  | Stlth+}
 21239 | D:12     | Received a gift from Okawaru
 22498 | D:13     | Found a runed translucent gate.
 22498 | D:13     | Found a runed translucent gate.
 22498 | D:13     | Found a runed translucent gate.
 22498 | D:13     | Noticed an acid blob
 22498 | D:13     | Noticed an acid blob
 22498 | D:13     | Noticed an acid blob
 22498 | D:13     | Noticed an azure jelly
 22499 | D:13     | Noticed an acid blob
 22499 | D:13     | Noticed an azure jelly
 22499 | D:13     | Noticed an azure jelly
 22499 | D:13     | Noticed an azure jelly
 22499 | D:13     | Noticed SirDiesAlot's ghost (journeyman DsFE)
 22499 | D:13     | Noticed an acid blob
 22500 | D:13     | Noticed Sonja
 22521 | D:13     | Killed Sonja
 22527 | D:13     | Found a viscous altar of Jiyva.
 22552 | D:13     | Noticed an ironbound preserver
 22553 | D:13     | Found a gate to the Vaults.
 22578 | D:13     | Reached skill level 1 in Long Blades
 23143 | D:13     | Reached skill level 14 in Axes
 23229 | D:13     | Got the Exposition on Lethal Interference
 23640 | D:13     | Killed an ironbound preserver
 23723 | D:14     | Noticed Louise
 23723 | D:14     | Noticed Agnes
 23743 | D:13     | HP: 4/88 [Agnes/+4 lajatang of electrocution (22)]
 23751 | D:13     | Killed Agnes
 25328 | D:14     | Killed Louise
 25365 | D:14     | Noticed Lodul
 25372 | D:14     | Killed Lodul
 25373 | D:14     | Reached XP level 15. HP: 65/93 MP: 22/22
 25628 | D:14     | HP: 2/93 [meliai/divine providence (16)]
 25629 | D:14     | Slain by a meliai

Illustrated notes

Levels and vault maps discovered:
D:1:      scummos_arrival_hexagon, layout_rooms
D:2:      minmay_skewed_foursquare, layout_loops_corners, minmay_pentomino_t4,
          uniq_natasha
D:3:      layout_rooms, mainiacjoe_overflow_chevrons, nicolae_uskayaw_en_pointe,
          gup_sewer_entry_glass
D:4:      layout_rooms, mainiacjoe_overflow_alcove_1,
          nicolae_qazlal_eye_of_the_storm
D:5:      layout_cave_pools, uniq_pikel
D:6:      minmay_opposing_rooms, layout_rooms,
          grunt_dithmenos_smoke_and_mirrors, mainiacjoe_overflow_big_doors,
          uniq_edmund
D:7:      layout_rooms, nicolae_vehumet_radiance, minmay_temple_entry_fiery,
          nicolae_elevator_lobby_asterisk
D:8:      nicolae_cairo_tiling_large_dashed, layout_basic,
          minmay_unpleasant_kobolds, uniq_amaemon, uniq_joseph
D:9:      layout_basic, lemuel_doored_altar, enter_bailey_3, uniq_harold
D:10:     layout_roguey, old_standard_altar,
          gammafunk_temple_overflow_forgotten, serial_shops,
          nicolae_shop_crystal
D:11:     layout_basic, serial_shops, shop, kennysheep_generic_room_8
D:12:     layout_grid_maze, orc_0_dummy, uniq_azrael
D:13:     layout_basic, skrybe_vaults_entry_preservation, gammafunk_ghost_ooze,
          uniq_sonja
D:14:     layout_cave_pools, minivault_27, serial_shops, nicolae_shop_crystal,
          uniq_louise, uniq_agnes, uniq_lodul
Temple:   nicolae_temple_figure_zero
Lair:1:   layout_concentric_octagons
Lair:2:   layout_long_grid, gammafunk_ghost_icy
Lair:3:   nzn_motion_control, layout_cave_pods, shoals_dummy_entry,
          nicolae_spider_entry_tight_spaces, chequers_serial_rivers_micro_e,
          beast_lair_carwin_11, lemuel_fruit_fields, grunt_megastairs_2
Lair:4:   layout_big_grid, st_stairs_9, uniq_rupert
Lair:5:   guppyfry_lair_end_dragon, layout_misc_corridors, slime_entry_1

Skill      XL: |  1  2  3  4  5  6  7  8  9 10 11 12 13 14 |
---------------+-------------------------------------------+-----
Axes           | 2 3 4 5 6 8 9 10 12 13 14 | 14.1
Armour         | 4 5 6 7 8 9 10 11 | 11.5
Fighting       | 4 5 6 7 8 9 10 | 10.7
Shields        | 4 5 6 8 9 10 | 10.8
Evocations     | 1 3 4 5 6 7 8 9 |  9.7
Invocations    | 3 5 6 8 9 |  9.7
Long Blades    | 1 |  1.8
Unarmed Combat | |  0.1

Action                   |  1- 3 |  4- 6 |  7- 9 | 10-12 | 13-15 || total
-------------------------+-------+-------+-------+-------+-------++-------
Melee: War axe           |    75 |   204 |   196 |   631 |   623 ||  1729
       Scimitar          |       |       |       |       |    29 ||    29
       Unarmed           |       |       |       |       |    17 ||    17
Invok: Heroism           |       |       |       |       |     1 ||     1
  Use: Potion            |       |     2 |     1 |     1 |     9 ||    13
       Scroll            |       |    14 |     5 |     7 |     5 ||    31
 Stab: Confused          |       |       |       |       |     2 ||     2
Armor: Scale mail        |    20 |       |       |       |       ||    20
       Chain mail        |    39 |    10 |       |       |       ||    49
       Plate armour      |       |   130 |   177 |   206 |   478 ||   991
       Crystal plate arm |       |       |       |   247 |       ||   247
Dodge: Dodged            |    33 |    51 |    49 |   130 |   167 ||   430
Block: Buckler           |    18 |    48 |    89 |   387 |   403 ||   945
       Reflection        |       |       |       |     8 |    33 ||    41
       Tower shield      |       |       |       |       |    31 ||    31
       Other             |       |       |       |       |     2 ||     2

Table legend: (Time is in decaauts)
 A = Elapsed time spent in this place.
 B = Non-inter-level travel time spent in this place.
 C = Inter-level travel time spent in this place.
 D = Time resting spent in this place.
 E = Time spent auto-exploring this place.
 F = Levels seen in this place.
 G = Mean time per level.
                   A        B        C        D        E       F      G
               +--------+--------+--------+--------+--------+-----+--------+
         Total |  25846 |  25483 |    363 |   9645 |  10931 |  22 | 1174.8 |
       Dungeon |  15993 |  15730 |    263 |   5515 |   7194 |  14 | 1142.4 |
        Temple |     57 |     57 |      0 |      0 |     40 |   1 |   57.0 |
          Lair |   8365 |   8265 |    100 |   3439 |   3376 |   5 | 1673.0 |
         Sewer |    538 |    538 |      0 |    143 |    172 |   1 |  538.0 |
        Bailey |    891 |    891 |      0 |    548 |    147 |   1 |  891.0 |
               +--------+--------+--------+--------+--------+-----+--------+

Top non-repeatable levels by time:
  Lair:3: 3347 daAuts
    D:13: 2869 daAuts
    D:11: 1887 daAuts
     D:6: 1848 daAuts
  Lair:2: 1797 daAuts
    D:12: 1570 daAuts
  Lair:5: 1354 daAuts
     D:2: 1247 daAuts
  Lair:4: 1223 daAuts
     D:8: 1200 daAuts
     D:5: 1049 daAuts
  Bailey: 891 daAuts
     D:7: 782 daAuts
     D:9: 768 daAuts
     D:3: 735 daAuts
